MID
BOWLING GREEN HOT RODS @ GREAT LAKES LOONS
07/29/2099
 
TOP OF THE 1ST
Bowling Green Hot Rods batting - Pitching for Great Lakes Loons : RHP Marty Palen
Pitching: RHP Marty Palen
Batting: RHB Alfredo Zapata 0-0: Called Strike
0-1: Ball
1-1: Ball
2-1: Ball
3-1: Ground out 1-3 (Groundball, 13S, EV 64.4 MPH)
Batting: RHB David Rivera 0-0: Ball
1-0: Ground out 5-3 (Groundball, 56, EV 83.8 MPH)
Batting: RHB Gabriel Kenny 0-0: Foul Ball, location: 7LMFF
0-1: Foul Ball, location: 9LDF
0-2: Strikes out swinging
Top of the 1st over - 0 runs, 0 hits, 0 errors, 0 left on base; Bowling Green 0 - Great Lakes 0
BOTTOM OF THE 1ST
Great Lakes Loons batting - Pitching for Bowling Green Hot Rods : RHP Brian Hamblin
Pitching: RHP Brian Hamblin
Batting: RHB Cory Walton 0-0: Called Strike
0-1: Foul Ball, location: 3F
0-2: Strikes out looking
Batting: SHB Tony Naranjo 0-0: Ball
1-0: Ball
2-0: Fly out, F9 (Line Drive, 89M, EV 103.8 MPH)
Batting: SHB Mark Henning 0-0: Called Strike
0-1: Called Strike
0-2: Ball
1-2: Foul Ball, location: 3FF
1-2: Ball
2-2: Foul Ball, location: 2F
2-2: Ground out 4-3 (Groundball, 4, EV 84.4 MPH)
Bottom of the 1st over - 0 runs, 0 hits, 0 errors, 0 left on base; Bowling Green 0 - Great Lakes 0
TOP OF THE 2ND
Bowling Green Hot Rods batting - Pitching for Great Lakes Loons : RHP Marty Palen
Batting: RHB Alex Cooper 0-0: Fly out, F5 (Popup, 56S, EV 71.3 MPH)
Batting: RHB Josh Melchior 0-0: Called Strike
0-1: Swinging Strike
0-2: Foul Ball, location: 2F
0-2: Foul Ball, location: 23F
0-2: Foul Ball, location: 3DF
0-2: Ball
1-2: Ground out 5-3 (Groundball, 5S, EV 70.0 MPH)
Batting: RHB Denzel Gordon 0-0: Ball
1-0: Ball
2-0: SINGLE (Groundball, 56S, EV 61.3 MPH) (infield hit)
Batting: SHB Steve Roser 0-0: Called Strike
0-1: Ground out 6-3 (Groundball, 6MS, EV 86.9 MPH)
Top of the 2nd over - 0 runs, 1 hit, 0 errors, 1 left on base; Bowling Green 0 - Great Lakes 0
BOTTOM OF THE 2ND
Great Lakes Loons batting - Pitching for Bowling Green Hot Rods : RHP Brian Hamblin
Batting: RHB Bryan Chambers 0-0: Ball
1-0: Ball
2-0: Called Strike
2-1: Foul Ball, location: 2F
2-2: Ball
3-2: Strikes out looking
Batting: RHB Chris Holmes 0-0: Ball
1-0: Ground out 6-3 (Groundball, 6M, EV 88.8 MPH)
Batting: SHB Jason Phillips 0-0: Called Strike
0-1: Ball
1-1: Ball
2-1: Foul Ball, location: 9LDF
2-2: Foul Ball, location: 2F
2-2: SINGLE (Line Drive, 6D, EV 106.9 MPH)
Batting: RHB Rich Saez 0-0: Foul Ball, location: 2F
0-1: Foul Ball, location: 2F
0-2: Strikes out swinging
Bottom of the 2nd over - 0 runs, 1 hit, 0 errors, 1 left on base; Bowling Green 0 - Great Lakes 0
TOP OF THE 3RD
Bowling Green Hot Rods batting - Pitching for Great Lakes Loons : RHP Marty Palen
Batting: LHB Sean Borel 0-0: Ball
1-0: Ball
2-0: Ball
3-0: Called Strike
3-1: Called Strike
3-2: Foul Ball, location: 5F
3-2: Ground out U3 (Groundball, 3, EV 103.1 MPH)
Batting: RHB Ruben Figueroa 0-0: Ball
1-0: Called Strike
1-1: Ball
2-1: Fly out, F9 (Line Drive, 9, EV 95.0 MPH)
Batting: RHB Alfredo Zapata 0-0: Ground out 4-3 (Groundball, 4, EV 83.8 MPH)
Top of the 3rd over - 0 runs, 0 hits, 0 errors, 0 left on base; Bowling Green 0 - Great Lakes 0
BOTTOM OF THE 3RD
Great Lakes Loons batting - Pitching for Bowling Green Hot Rods : RHP Brian Hamblin
Batting: RHB Trent Shere 0-0: Called Strike
0-1: Ball
1-1: Foul Ball, location: 3FF
1-2: Ground out 6-3 (Groundball, 6, EV 81.3 MPH)
Batting: LHB Nate Davis 0-0: Ball
1-0: Called Strike
1-1: Swinging Strike
1-2: Strikes out swinging
Batting: RHB Cory Walton 0-0: Foul Ball, location: 2F
0-1: Ball
1-1: Ball
2-1: Swinging Strike
2-2: Ball
3-2: Strikes out swinging
Bottom of the 3rd over - 0 runs, 0 hits, 0 errors, 0 left on base; Bowling Green 0 - Great Lakes 0
TOP OF THE 4TH
Bowling Green Hot Rods batting - Pitching for Great Lakes Loons : RHP Marty Palen
Batting: RHB David Rivera 0-0: Called Strike
0-1: Ball
1-1: Ball
2-1: SINGLE (Line Drive, 6MD, EV 103.1 MPH)
Batting: RHB Gabriel Kenny 0-0: Foul Ball, location: 9LDF
0-1: Ball
1-1: Fly out, F9 (Flyball, 9, EV 95.6 MPH)
Batting: RHB Alex Cooper 0-0: Called Strike
David Rivera steals 2nd base
0-1: Swinging Strike
0-2: Ball
1-2: Foul Ball, location: 3F
1-2: Ball
2-2: Ball
3-2: Fly out, F8 (Line Drive, 8RD, EV 87.5 MPH)
Batting: RHB Josh Melchior 0-0: Swinging Strike
0-1: Fly out, F5 (Popup, 25F, EV 76.9 MPH)
Top of the 4th over - 0 runs, 1 hit, 0 errors, 1 left on base; Bowling Green 0 - Great Lakes 0
BOTTOM OF THE 4TH
Great Lakes Loons batting - Pitching for Bowling Green Hot Rods : RHP Brian Hamblin
Batting: SHB Tony Naranjo 0-0: Ball
1-0: Foul Ball, location: 25F
1-1: Swinging Strike
1-2: Fly out, F4 (Popup, 34, EV 56.3 MPH)
Batting: SHB Mark Henning 0-0: Ball
1-0: Foul Ball, location: 2F
1-1: Foul Ball, location: 2F
1-2: Strikes out looking
Batting: RHB Bryan Chambers 0-0: Ball
1-0: Foul Ball, location: 3F
1-1: Foul Ball, location: 25F
1-2: Ground out 4-3 (Groundball, 4, EV 100.0 MPH)
Bottom of the 4th over - 0 runs, 0 hits, 0 errors, 0 left on base; Bowling Green 0 - Great Lakes 0
TOP OF THE 5TH
Bowling Green Hot Rods batting - Pitching for Great Lakes Loons : RHP Marty Palen
Batting: RHB Denzel Gordon 0-0: Called Strike
0-1: Swinging Strike
0-2: Strikes out swinging
Batting: SHB Steve Roser 0-0: Fly out, F8 (Flyball, 8LD, EV 106.3 MPH)
Batting: LHB Sean Borel 0-0: Ball
1-0: Fly out, F9 (Line Drive, 89M, EV 84.4 MPH)
Top of the 5th over - 0 runs, 0 hits, 0 errors, 0 left on base; Bowling Green 0 - Great Lakes 0
BOTTOM OF THE 5TH
Great Lakes Loons batting - Pitching for Bowling Green Hot Rods : RHP Brian Hamblin
Batting: RHB Chris Holmes 0-0: Swinging Strike
0-1: Ball
1-1: SINGLE (Line Drive, 89S, EV 109.4 MPH)
Batting: SHB Jason Phillips 0-0: Called Strike
0-1: Foul Ball, location: 9LMF
0-2: Ball
1-2: Strikes out swinging
Batting: RHB Rich Saez 0-0: Called Strike
0-1: Ball
1-1: Ball
2-1: Fly out, F9 (Flyball, 9LM, EV 102.5 MPH)
Batting: RHB Trent Shere 0-0: Called Strike
0-1: Ball
1-1: Swinging Strike
1-2: Ball
2-2: Ball
3-2: Base on Balls
Chris Holmes to second
Batting: LHB Nate Davis 0-0: Called Strike
0-1: Ball
1-1: Foul Ball, location: 5F
1-2: Ball
2-2: Strikes out swinging
Bottom of the 5th over - 0 runs, 1 hit, 0 errors, 2 left on base; Bowling Green 0 - Great Lakes 0
TOP OF THE 6TH
Bowling Green Hot Rods batting - Pitching for Great Lakes Loons : RHP Marty Palen
Batting: RHB Ruben Figueroa 0-0: Ball
1-0: Fly out, F9 (Line Drive, 9S, EV 93.8 MPH)
Batting: RHB Alfredo Zapata 0-0: Foul Ball, location: 9LMF
0-1: Ground out 1-3 (Groundball, 13S, EV 71.3 MPH)
Batting: RHB David Rivera 0-0: Called Strike
0-1: Ball
1-1: Ball
2-1: Swinging Strike
2-2: Ball
3-2: SINGLE (Groundball, 4MD, EV 104.4 MPH)
Batting: RHB Gabriel Kenny 0-0: Ball
David Rivera is caught stealing 2nd base 2-4
Top of the 6th over - 0 runs, 1 hit, 0 errors, 0 left on base; Bowling Green 0 - Great Lakes 0
BOTTOM OF THE 6TH
Great Lakes Loons batting - Pitching for Bowling Green Hot Rods : RHP Brian Hamblin
Batting: RHB Cory Walton 0-0: SINGLE (Groundball, 4MD, EV 100.6 MPH)
Batting: SHB Tony Naranjo 0-0: Ball
1-0: Foul Ball, location: 5F
1-1: Foul Ball, location: 25F
1-2: Foul Ball, location: 7LDF
1-2: Ball
2-2: Foul Ball, location: 23F
2-2: DOUBLE (Line Drive, 9LS, EV 88.8 MPH)
Cory Walton to third
Pitching: RHP Josh Hackert
Batting: SHB Mark Henning 0-0: SINGLE (Groundball, 34, EV 105.6 MPH)
Cory Walton scores
Tony Naranjo to third
Batting: RHB Bryan Chambers 0-0: Ball
1-0: Ball
2-0: Called Strike
2-1: Swinging Strike
2-2: Ball
3-2: Fly out, F8 (Flyball, 78D, EV 99.4 MPH)
Runner from 3rd tags up, SCORES, throw by CF
Batting: RHB Chris Holmes 0-0: Ball
1-0: Fielders Choice at 2nd, 2-4 (Groundball, 15S, EV 60.0 MPH)
Batting: SHB Jason Phillips 0-0: 2-RUN HOME RUN (Flyball, 9D, EV 101.3 MPH), Distance : 363 ft
Batting: RHB Rich Saez 0-0: Called Strike
0-1: Swinging Strike
0-2: Strikes out swinging
Bottom of the 6th over - 4 runs, 4 hits, 0 errors, 0 left on base; Bowling Green 0 - Great Lakes 4
TOP OF THE 7TH
Bowling Green Hot Rods batting - Pitching for Great Lakes Loons : RHP Marty Palen
Now in RF: Joe Matthews
Batting: RHB Gabriel Kenny 0-0: Called Strike
0-1: Ball
1-1: Fly out, F8 (Flyball, 8RD, EV 94.4 MPH)
Batting: RHB Alex Cooper 0-0: Ball
1-0: Ball
2-0: Called Strike
2-1: Fly out, F9 (Flyball, 89S, EV 92.5 MPH)
Batting: RHB Josh Melchior 0-0: Fly out, F3 (Popup, 3SF, EV 81.3 MPH)
Top of the 7th over - 0 runs, 0 hits, 0 errors, 0 left on base; Bowling Green 0 - Great Lakes 4
BOTTOM OF THE 7TH
Great Lakes Loons batting - Pitching for Bowling Green Hot Rods : RHP Josh Hackert
Batting: RHB Trent Shere 0-0: Ball
1-0: Called Strike
1-1: Foul Ball, location: 25F
1-2: Ball
2-2: SINGLE (Line Drive, 5D, EV 65.6 MPH)
Batting: LHB Nate Davis 0-0: Called Strike
0-1: Foul Ball, location: 2F
0-2: Ball
1-2: Strikes out looking
Batting: RHB Cory Walton 0-0: Fielders Choice at 2nd, 6-4 (Groundball, 6, EV 81.3 MPH)
Batting: SHB Tony Naranjo 0-0: DOUBLE (Line Drive, 89D, EV 101.9 MPH)
Cory Walton to third
Batting: SHB Mark Henning 0-0: Called Strike
0-1: Ball
1-1: Called Strike
1-2: Reached via error on a dropped throw from 2B, E3 (Groundball, 34D, EV 110.0 MPH)
Cory Walton scores
Tony Naranjo to third
Batting: RHB Bryan Chambers 0-0: Called Strike
0-1: Ball
1-1: Swinging Strike
1-2: Foul Ball, location: 2F
1-2: Ball
2-2: Foul Ball, location: 9LSF
2-2: Strikes out swinging
Bottom of the 7th over - 1 run, 2 hits, 1 error, 2 left on base; Bowling Green 0 - Great Lakes 5
TOP OF THE 8TH
Bowling Green Hot Rods batting - Pitching for Great Lakes Loons : RHP Marty Palen
Batting: RHB Denzel Gordon 0-0: Called Strike
0-1: Swinging Strike
0-2: Strikes out swinging
Batting: SHB Steve Roser 0-0: Swinging Strike
0-1: Fly out, F4 (Popup, 4D, EV 57.5 MPH)
Batting: LHB Sean Borel 0-0: Called Strike
0-1: Ball
1-1: Ball
2-1: Ball
3-1: Foul Ball, location: 2F
3-2: Foul Ball, location: 5SF
3-2: Base on Balls
Pitching: RHP Travis Groman
Batting: RHB Ruben Figueroa 0-0: Swinging Strike
0-1: Called Strike
0-2: Strikes out looking
Top of the 8th over - 0 runs, 0 hits, 0 errors, 1 left on base; Bowling Green 0 - Great Lakes 5
BOTTOM OF THE 8TH
Great Lakes Loons batting - Pitching for Bowling Green Hot Rods : RHP Josh Hackert
Batting: RHB Chris Holmes 0-0: Fly out, F9 (Line Drive, 9S, EV 90.0 MPH)
Batting: SHB Jason Phillips 0-0: Ground out 5-3 (Groundball, 56, EV 89.4 MPH)
Batting: RHB Joe Matthews 0-0: Called Strike
0-1: Swinging Strike
0-2: Fly out, F9 (Flyball, 9D, EV 103.1 MPH)
Bottom of the 8th over - 0 runs, 0 hits, 0 errors, 0 left on base; Bowling Green 0 - Great Lakes 5
TOP OF THE 9TH
Bowling Green Hot Rods batting - Pitching for Great Lakes Loons : RHP Travis Groman
Batting: RHB Alfredo Zapata 0-0: Called Strike
0-1: Ball
1-1: Called Strike
1-2: Ball
2-2: Ground out 6-3 (Groundball, 6, EV 88.8 MPH)
Batting: RHB David Rivera 0-0: Ball
1-0: Foul Ball, location: 9LSF
1-1: Ball
2-1: Ball
3-1: Foul Ball, location: 25F
3-2: Strikes out swinging
Batting: RHB Gabriel Kenny 0-0: Swinging Strike
0-1: Foul Ball, location: 5DF
0-2: Fly out, F8 (Line Drive, 8RD, EV 87.5 MPH)
Top of the 9th over - 0 runs, 0 hits, 0 errors, 0 left on base; Bowling Green 0 - Great Lakes 5
Monday, May 13th , 2024 - OOTP Baseball 24.11 Build 85